 Dungeon Crawl Stone Soup version 0.31-a0-1626-g5cb510d322 (webtiles) character file.

Game seed: 9823842788503822854

7963 thepacket the Skirmisher (level 11, -4/124 HPs)
             Began as a Barachi Hunter on Jan 11, 2024.
             Was a Follower of Hepliaklqana.
             Slain by a sixfirhy (8 damage)
             ... summoned by a kobold demonologist
             ... on level 10 of the Dungeon on Jan 12, 2024.
             The game lasted 00:20:50 (8244 turns).

thepacket the Skirmisher (Barachi Hunter)           Turns: 8244, Time: 00:20:51

Health: -4/124     AC: 13    Str: 13    XL:     11   Next: 23%
Magic:  11/11      EV: 12    Int: 10    God:    Hepliaklqana [*.....]
Gold:   595        SH:  0    Dex: 25    Spells: 8/10 levels left

rFire   . . .        a - +0 orcbow
rCold   + . .        (shield currently unavailable)
rNeg    . . .        o - +4 ring mail "Seowod" {+Blink}
rPois   .            q - +0 helmet
rElec   .            (no cloak)
rCorr   .            (no gloves)
SInv    .            n - +1 pair of boots
Will    .....        l - amulet of regeneration Stlth
                     d - +6 ring of dexterity
HPRegen 1.20/turn    s - ring of protection from cold
MPRegen 0.12/turn

%: no passive effects
@: mighty, berserking, silenced, unable to hop, very quick
A: reduced essence, amphibious, slowness 1, strong legs 1, +LOS
a: Hop, Renounce Religion, Evoke Blink


You were on level 10 of the Dungeon.
You worshipped Hepliaklqana.
Hepliaklqana was aware of your devotion.
You visited 2 branches of the dungeon, and saw 11 of its levels.

You collected 595 gold pieces.


Innate Abilities, Weirdness & Mutations

Your life essence is reduced to manifest your ancestor. (-10% HP)
You are amphibious.
You cover ground slowly.
You can hop short distances.
You have an extended range of vision and can be seen from far away.


   Skills:
 + Level 11.5 Fighting
 * Level 13.7 Ranged Weapons
 - Level 6.0 Armour
 - Level 2.1 Dodging
 - Level 0.8 Stealth


You had 8 spell levels left.
You knew the following spells:

 Your Spells              Type           Power      Damage    Failure   Level
m - Blink                 Tloc           0%         N/A       75%         2

Your spell library contained the following spells:

 Spells                   Type           Power      Damage    Failure   Level
 Magic Dart               Conj           0%         1d3       58%         1
 Call Imp                 Summ           0%         N/A       75%         2
 Static Discharge         Conj/Air       0%         3-3/arc   75%         2
 Sublimation of Blood     Necr           0%         N/A       75%         2
 Ozocubu's Armour         Ice            0%         N/A       92%         3
 Airstrike                Air            0%         2d(0-16)  100%        4
 Petrify                  Alch/Erth      0%         N/A       100%        4
 Summon Lightning Spire   Summ/Air       0%         N/A       100%        4
 Irradiate                Conj/Alch      0%         3d11      100%        5
 Metabolic Englaciation   Hex/Ice        0%         N/A       100%        5
 Sculpt Simulacrum        Ice/Alch       0%         N/A       100%        6

Inventory:

Hand Weapons
 a - a +0 orcbow (weapon)
Armour
 n - a +1 pair of boots (worn)
 o - the +4 ring mail "Seowod" (worn) {+Blink}
   (You found it on level 2 of the Dungeon)

   +Blink:    It lets you blink.
 q - a +0 helmet (worn)
 A - a +1 leather armour of willpower
Jewellery
 d - a +6 ring of dexterity (left hand)
 l - an amulet of regeneration (around neck)
 s - a ring of protection from cold (right hand)
 y - a ring of wizardry
 D - an amulet of magic regeneration
 H - a ring of magical power
Wands
 c - a wand of polymorph (13)
 B - a wand of iceblast (13)
 I - a wand of flame (8)
Scrolls
 e - a scroll of enchant armour {unknown}
 f - a scroll of revelation {unknown}
 i - 2 scrolls of vulnerability
 k - a scroll of fear {unknown}
 r - a scroll of poison {unknown}
 t - 4 scrolls of identify {unknown}
 u - a scroll of silence {!r}
 v - 2 scrolls of torment
 x - a scroll of enchant weapon
 z - a scroll of teleportation {@r2}
 E - a scroll of noise {unknown}
 L - a scroll of blinking {unknown}
Potions
 b - 3 potions of heal wounds {unknown}
 g - a potion of berserk rage {!q}
 h - a potion of cancellation {unknown}
 j - 4 potions of curing {@q1}
 m - a potion of haste {unknown}
 p - 4 potions of might
 w - 2 potions of attraction {unknown}
 C - 2 potions of enlightenment {unknown}
 F - a potion of invisibility {unknown}
 G - a potion of magic {unknown}
 J - 2 potions of lignification {unknown}
 K - a potion of resistance {unknown}

Dungeon Overview and Level Annotations

Branches:
Dungeon (10/15)            Temple (1/1) D:4            Lair (0/5) D:8
    Orc (0/2) D:10

Altars:
Ashenzari
Cheibriados
Dithmenos
Elyvilon
Fedhas
Gozag
Hepliaklqana
Kikubaaqudgha
Makhleb
Nemelex Xobeh
Okawaru
Qazlal
Ru
Sif Muna
Trog
Uskayaw
Vehumet
Wu Jian
Xom
Yredelemnul
Zin
The Shining One

## ##...# #...###..........
.###...## ##..## #[.........
.......#####...# #..........
#..............# #..........
##............## #..........
#..####.......####..........
##.####..........##..........
#..###............#.........#
#...............@3.K........#
..............#####.........#
.............## #........##
###..........# ##..R...### #
############ ##....####
#..##..# ##K## #.# #.KK## R.#
#.>.K# ....


You could see a sixfirhy (summoned) and a kobold brigand.


Message History

You feel better.
Unknown command.
Use which ability? (? or * to list)
You can't do that.
Magic scrolls do not work when you're silenced!
It was a potion of might.
You feel very mighty all of a sudden. The sixfirhy barely misses you.
Aiming: Polymorph
Press: ? - help, Shift-Dir - straight line, f - sixfirhy
Aim: a sixfirhy (silenced, summoned, will become a rust devil, an ice devil, or a hellwing, chance to affect: 17%)
Okay, then.
Okay, then.
It was a potion of berserk rage.
A red film seems to cover your vision as you go berserk!
You feel yourself moving faster!
You feel mighty! The sixfirhy hits you!
* * * LOW HITPOINT WARNING * * *
The sixfirhy shocks you!
* * * LOW HITPOINT WARNING * * *
The sixfirhy barely misses you. The sixfirhy hits you.
* * * LOW HITPOINT WARNING * * *
The sixfirhy shocks you!
* * * LOW HITPOINT WARNING * * *
The sixfirhy hits you.
* * * LOW HITPOINT WARNING * * *
The sixfirhy shocks you!
* * * LOW HITPOINT WARNING * * *
You feel a strong urge to attack something.
The sixfirhy attacks as it pursues you! The sixfirhy hits you!
You die...

Skill      XL: |  1  2  3  4  5  6  7  8  9 10 |
---------------+-------------------------------+-----
Fighting       | 3 4 5 7 9 11 | 11.5
Ranged Weapons | 5 6 7 9 11 13 | 13.7
Armour         | 2 3 4 5 6 |  6.0
Dodging        | |  2.1
Stealth        | |  0.8

Action                     |  1- 3 |  4- 6 |  7- 9 | 10-12 || total
---------------------------+-------+-------+-------+-------++-------
   Fire: Shortbow          |   101 |   148 |   299 |       ||   548
         Orcbow            |       |       |   112 |   340 ||   452
Ability: Hop               |       |     2 |     9 |     7 ||    18
    Use: Scroll            |       |     2 |     2 |     2 ||     6
         Potion            |       |     1 |       |     3 ||     4
 Armour: Leather armour    |    26 |     1 |       |       ||    27
         Ring mail         |       |    49 |   155 |   184 ||   388
  Dodge: Dodged            |    30 |    49 |   113 |   157 ||   349

Levels and vault maps discovered:
D:1:      scummos_arrival_checkerplants, layout_loops_ring, minmay_lizard_king
D:2:      layout_loops_ring, basic_altar
D:3:      layout_basic, uniq_robin
D:4:      layout_rooms, mainiacjoe_overflow_small_starburst,
          minmay_temple_entry_overgrown
D:5:      layout_rooms, uniq_menkaure, uniq_grinder
D:6:      layout_basic, nicolae_ru_sacrificial_ziggurat
D:7:      layout_basic, lemuel_crystal_altar, kennysheep_vampire_church
D:8:      layout_basic, mainiacjoe_overflow_surrounded_room, lair_entry_dummy
D:9:      layout_basic, uniq_pikel, uniq_erolcha
D:10:     layout_cave_pods, minmay_orc_entry_guard_dogs
Temple:   bh_familiar_temple

Notes
Turn   | Place    | Note
-------+----------+-------------------------------------------
     0 | D:1      | thepacket the Barachi Hunter began the quest for the Orb.
     0 | D:1      | Reached XP level 1. HP: 17/17 MP: 1/1
    43 | D:1      | Reached XP level 2. HP: 23/23 MP: 2/2
   191 | D:1      | Reached skill level 3 in Fighting
   322 | D:1      | Reached XP level 3. HP: 27/29 MP: 3/3
  1020 | D:2      | Reached skill level 5 in Ranged Weapons
  1032 | D:2      | Reached XP level 4. HP: 35/35 MP: 4/4
  1101 | D:2      | Found an ancient bone altar of Kikubaaqudgha.
  1190 | D:2      | Identified the +4 ring mail "Seowod" {+Blink}
  1796 | D:3      | Noticed Robin
  1811 | D:3      | Killed Robin
  1812 | D:3      | Reached skill level 4 in Fighting
  1812 | D:3      | Reached XP level 5. HP: 42/42 MP: 5/5
  2190 | D:3      | Reached skill level 1 in Armour
  2302 | D:3      | Learned a level 2 spell: Blink
  2350 | D:4      | Found a basalt altar of Yredelemnul.
  2352 | D:4      | Noticed an ogre
  2367 | D:4      | Found a staircase to the Ecumenical Temple.
  2374 | D:4      | Killed an ogre
  2395 | D:3      | Reached skill level 6 in Ranged Weapons
  2395 | D:3      | Reached skill level 2 in Armour
  2395 | D:3      | Reached XP level 6. HP: 46/49 MP: 6/6
  2479 | Temple   | Entered the Ecumenical Temple
  2480 | Temple   | Upgraded the game from 0.31-a0-1620-gcbf77bbcfc to
                  | 0.31-a0-1626-g5cb510d322
  2507 | D:4      | Reached skill level 5 in Fighting
  2514 | D:4      | Reached skill level 3 in Armour
  2514 | D:4      | Reached XP level 7. HP: 37/56 MP: 7/7
  2526 | D:4      | Reached skill level 7 in Ranged Weapons
  3008 | D:4      | Reached skill level 4 in Armour
  3141 | D:4      | Reached XP level 8. HP: 51/64 MP: 8/8
  3166 | D:5      | Entered Level 5 of the Dungeon
  3234 | D:5      | Reached skill level 6 in Fighting
  3405 | D:5      | Noticed Menkaure
  3411 | D:5      | Killed Menkaure
  3412 | D:5      | Reached skill level 8 in Ranged Weapons
  3488 | D:5      | Identified the +2 robe of Moral Flaws {Harm +Blink Dex-3}
  3575 | D:5      | Noticed Grinder
  3584 | D:5      | Killed Grinder
  3585 | D:5      | Reached skill level 5 in Armour
  3699 | D:6      | Found a sacrificial altar of Ru.
  3804 | D:6      | Reached skill level 7 in Fighting
  3851 | D:6      | Reached skill level 9 in Ranged Weapons
  3869 | D:6      | Reached XP level 9. HP: 72/72 MP: 9/9
  3913 | D:6      | Reached skill level 6 in Armour
  4423 | D:6      | Reached skill level 8 in Fighting
  4657 | D:7      | Reached skill level 10 in Ranged Weapons
  5174 | D:7      | Found an ancient bone altar of Kikubaaqudgha.
  5248 | D:8      | Found a staircase to the Lair.
  5263 | D:8      | Reached skill level 9 in Fighting
  5263 | D:8      | Reached skill level 11 in Ranged Weapons
  5288 | D:8      | Reached XP level 10. HP: 66/83 MP: 10/10
  5880 | D:8      | Found a hazy altar of Hepliaklqana.
  5900 | D:8      | Became a worshipper of Hepliaklqana the Forgotten
  6476 | D:8      | Reached skill level 12 in Ranged Weapons
  6499 | D:7      | Reached skill level 10 in Fighting
  6537 | D:7      | Found a stormy altar of Qazlal.
  6789 | D:9      | Noticed Erolcha
  6848 | D:8      | Killed Erolcha
  6889 | D:9      | Identified the +0 robe of Dice, Bag, and Bottle {rN+ Str+3}
  7019 | D:9      | Noticed Pikel
  7072 | D:9      | Killed Pikel
  7073 | D:9      | Reached skill level 13 in Ranged Weapons
  7245 | D:9      | Reached skill level 11 in Fighting
  7246 | D:9      | Reached XP level 11. HP: 93/93 MP: 11/11
  7677 | D:10     | Entered Level 10 of the Dungeon
  7682 | D:10     | Reached * piety under Hepliaklqana
  7820 | D:10     | Found a staircase to the Orcish Mines.
  7850 | D:10     | Noticed a soul eater
  8228 | D:10     | Noticed a sixfirhy
  8243 | D:10     | HP: 3/124 [sixfirhy[a kobold demonologist] (11)]
  8244 | D:10     | Slain by a sixfirhy

Vanquished Creatures
  Erolcha (D:8)
  Pikel (D:9)
  A troll (D:10)
  Grinder (D:5)
  3 wyverns (D:8)
  A wraith (D:9)
  5 yaks (D:10)
  2 steam dragons (D:7)
  A warg (D:10)
  Menkaure (D:5)
  3 water moccasins
  A sky beast (D:7)
  An ice beast (D:7)
  An ogre (D:4)
  2 orc warriors
  2 wolves (D:10)
  2 centaurs (D:6)
  A lemure (D:9)
  3 kobold brigands (D:9)
  A phantom (D:6)
  A gnoll sergeant (D:8)
  3 bullfrogs
  5 scorpions
  8 wights
  29 killer bees
  A howler monkey (D:9)
  3 hounds
  2 bombardier beetles (D:4)
  A gnoll bouda (D:6)
  A jelly (D:6)
  5 orc priests
  A sleepcap (D:6)
  2 iguanas (D:5)
  8 orc wizards
  Robin (D:3)
  11 gnolls
  11 adders
  2 shadow imps
  A white imp (D:8)
  A ribbon worm (D:3)
  A dart slug (D:1)
  36 orcs
  2 bat skeletons (D:7)
  2 bat zombies (D:7)
  4 endoplasms
  2 giant cockroaches
  8 hobgoblins
  11 jackals
  16 kobolds
  2 quokkas
  13 ball pythons
  2 bats
  11 frilled lizards
  16 goblins
  5 rats
262 creatures vanquished.

Vanquished Creatures (others)
  2 ancestors (D:10)
  A kobold (D:10)
3 creatures vanquished.

Grand Total: 265 creatures vanquished

Table legend: (Time is in decaauts)
 A = Elapsed time spent in this place.
 B = Non-inter-level travel time spent in this place.
 C = Inter-level travel time spent in this place.
 D = Time resting spent in this place.
 E = Time spent auto-exploring this place.
 F = Levels seen in this place.
 G = Mean time per level.
                   A        B        C        D        E       F      G
               +--------+--------+--------+--------+--------+-----+--------+
         Total |   9646 |   8999 |    647 |    193 |   6757 |  11 |  876.9 |
       Dungeon |   9645 |   8998 |    647 |    193 |   6757 |  10 |  964.5 |
        Temple |      1 |      1 |      0 |      0 |      0 |   1 |    1.0 |
               +--------+--------+--------+--------+--------+-----+--------+

Top non-repeatable levels by time:
     D:8: 1565 daAuts
     D:1: 1097 daAuts
     D:6: 1089 daAuts
     D:7: 1054 daAuts
     D:3: 1025 daAuts
     D:9: 940 daAuts
     D:4: 893 daAuts
     D:2: 732 daAuts
    D:10: 657 daAuts
     D:5: 588 daAuts
  Temple: 1 daAuts

Table legend:
 A = Non-vault XP
 B = Vault XP
 C = Vault XP percentage of total XP
 D = Non-vault monster count
 E = Vault monster count
 F = Vault count percentage of total count
                 A         B        C        D         E       F
            +---------+---------+-------+---------+---------+-------
      Total |    8947 |    2430 |  21.4 |     235 |      26 |  10.0
            +---------+---------+-------+---------+---------+-------
        D:1 |      60 |       7 |  10.4 |      36 |       7 |  16.3
        D:2 |      72 |       0 |   0.0 |      15 |       0 |   0.0
        D:3 |     125 |      28 |  18.3 |      15 |       8 |  34.8
        D:4 |     932 |       0 |   0.0 |      32 |       0 |   0.0
        D:5 |     321 |     444 |  58.0 |      19 |       2 |   9.5
        D:6 |    1201 |       0 |   0.0 |      30 |       0 |   0.0
        D:7 |    1373 |       8 |   0.6 |      18 |       4 |  18.2
        D:8 |    1995 |     867 |  30.3 |      35 |       1 |   2.8
        D:9 |    1563 |     663 |  29.8 |      29 |       1 |   3.3
       D:10 |    1305 |     413 |  24.0 |       6 |       3 |  33.3
            +---------+---------+-------+---------+---------+-------
